 Dungeon Crawl Stone Soup version 0.30-a0-170-g85af917532 (webtiles) character file.

Game seed: 17739381121638597633

26173 fish the Brawler (level 12, -1/103 (111) HPs)
             Began as a Troll Monk on Sept 30, 2022.
             Was a High Priest of Qazlal.
             Slain by Rupert
             ... wielding a +1 triple sword of draining
              (19 damage)
             ... on level 4 of the Lair of Beasts.
             The game lasted 00:22:49 (11781 turns).

fish the Brawler (Troll Monk)                      Turns: 11781, Time: 00:22:50

HP:   -1/103 (111)  AC:  9    Str: 26    XL:     12   Next: 96%
MP:   12/17         EV: 14    Int: 12    God:    Qazlal [*****.]
Gold: 976           SH:  6    Dex:  8    Spells: 11/11 levels left

rFire   + . .      SeeInvis .      - Unarmed
rCold   + . .      Faith    .    (no shield)
rNeg    . . .      Spirit   .    s - +1 robe {rC+ rF+}
rPois   .          Reflect  .    (helmet restricted)
rElec   .          Harm     .    j - +0 cloak {Will+}
rCorr   +          Rampage  .    (gloves unavailable)
Will    +....                    (boots unavailable)
Stlth   +.........               (no amulet)
HPRegen 1.07/turn                H - +4 ring of evasion
MPRegen 0.15/turn                b - ring "Bovvello" {rCorr Int+6 Dex-4 Slay+3}

@: protected from physical damage, drained, repel missiles
A: large, unfitting armour, claws 3, regeneration 1, shaggy fur 1, tough skin 1,
subdued magic 1
a: Renounce Religion, Upheaval, Elemental Force, Disaster Area


You were on level 4 of the Lair of Beasts.
You worshipped Qazlal.
Qazlal was extremely pleased with you.
You visited 3 branches of the dungeon, and saw 15 of its levels.
You also visited: Gauntlet.

You collected 1006 gold pieces.
You spent 30 gold pieces at shops.

Inventory:

Armour
 j - a +0 cloak of willpower (worn)
 s - a +1 robe of resistance (worn)
 z - +0 acid dragon scales
Jewellery
 a - a ring of resist corrosion
 b - the ring "Bovvello" (right claw) {rCorr Int+6 Dex-4 Slay+3}
   (You found it on level 7 of the Dungeon)

   [ring of intelligence]

   Int:       It affects your intelligence (+6).
   Dex:       It affects your dexterity (-4).
   Slay:      It affects your accuracy & damage with ranged weapons and melee
   (+3).
   rCorr:     It protects you from acid and corrosion.
 H - a +4 ring of evasion (left claw)
Wands
 h - a wand of acid (4)
 l - a wand of paralysis (24)
 x - a wand of roots (15)
 A - a wand of mindburst (3)
Scrolls
 c - 6 scrolls of vulnerability
 d - 3 scrolls of immolation
 i - a scroll of magic mapping
 r - 4 scrolls of identify
 t - a scroll of enchant weapon {unknown}
 y - 2 scrolls of silence
 B - 9 scrolls of teleportation
 C - a scroll of fear
 D - a scroll of brand weapon
Potions
 e - 5 potions of brilliance
 f - 6 potions of heal wounds
 g - a potion of flight
 k - a potion of might
 m - 3 potions of curing
 n - a potion of invisibility
 o - 2 potions of mutation
 p - 3 potions of haste
 q - a potion of berserk rage
 u - a potion of cancellation
 v - 3 potions of attraction
 w - a potion of resistance
 G - a potion of lignification
Miscellaneous
 E - a condenser vane
 F - a phial of floods


   Skills:
 - Level 5.1 Fighting
 + Level 3.1 Armour
 - Level 4.0 Dodging
 - Level 1.0 Stealth
 - Level 1.0 Shields
 * Level 18.5 Unarmed Combat
 - Level 8.0 Invocations


You had 11 spell levels left.
You didn't know any spells.
Your spell library contained the following spells:

 Spells                   Type           Power      Damage    Failure   Level
 Kiss of Death            Conj/Necr      0%         2d5       28%         1
 Cigotuvi's Dreadful Rot  Necr/Pois/Air  0%         N/A       41%         2
 Poisonous Vapours        Pois/Air       0%         N/A       41%         2
 Confusing Touch          Hex            0%         N/A       65%         3
 Gell's Gravitas          Tloc           0%         N/A       65%         3
 Lesser Beckoning         Tloc           0%         N/A       65%         3
 Teleport Other           Tloc           0%         N/A       65%         3
 Dispel Undead            Necr           0%         3d6       96%         4


Dungeon Overview and Level Annotations

Branches:
Dungeon (10/15)            Temple (1/1) D:4            Lair (4/5) D:10
  Swamp (0/4) Lair:2       Spider (0/4) Lair:2        Slime (0/5) Lair:4
    Orc (0/2) D:9         Gauntlet (visited)

Altars:
Ashenzari
Cheibriados
Dithmenos
Elyvilon
Fedhas
Gozag
Hepliaklqana
Kikubaaqudgha
Makhleb
Nemelex Xobeh
Okawaru
Qazlal
Ru
Sif Muna
Trog
Uskayaw
Vehumet
Wu Jian
Xom
Yredelemnul
Zin
The Shining One

Shops:
D:3 !

Annotations:
D:1 1 transporter
D:5 2 runed translucent doors, Darkkill's ghost, novice HuHu
Lair:4 exclusion: oklob plant, Rupert


Innate Abilities, Weirdness & Mutations

You are too large for most types of armour.
You have claws for hands.
Your natural rate of healing is unusually fast.
You are covered in fur. (AC +1)
You have tough skin. (AC +1)
Your spells are a little easier to cast, but a little less powerful.


Message History

The bullfrog hits you.
You feel protected from physical attacks.
Rupert yells loudly at you. You resist with some effort.
The bullfrog closely misses you.
There is a stone staircase leading up here.
Activating: Elemental Force (1% risk of failure)
Press: ? - help, Dir - look around, f - activate Clouds arounds you coalesce and take form!
The bullfrog barely misses you.
The komodo dragon bites your earth elemental!
You block the bullfrog's attack.
Unknown command.
You mangle the bullfrog!!
You kill the bullfrog!
Qazlal accepts your kill.
The komodo dragon bites your earth elemental!
Unknown command.
The komodo dragon bites you!!
Rupert roars madly and goes into a rage!
Rupert goes berserk!
Your earth elemental hits the komodo dragon!!
You see here a bullfrog corpse.
Unknown command.
You scratch the komodo dragon. You claw the komodo dragon!
The komodo dragon is severely wounded.
You hear a loud, deep croak!
Your water elemental hits the komodo dragon.
Your water elemental engulfs the komodo dragon in water!
The komodo dragon closely misses you.
Unknown command.
You claw the komodo dragon!
You kill the komodo dragon!
Qazlal accepts your kill.
Unknown command.
Rupert attacks as you move away!
Rupert hits you with a +1 triple sword of draining!!!
* * * LOW HITPOINT WARNING * * *
You feel more protected from physical attacks.
You feel drained.
You die...

*,,,,,,..............##.......#**
**,,,,,..............####.......,
*,*,,,,.............#* *.....<.*
**,,,,,.............# *#P.....,
,*,,,,,............P# **##....,
,,,,,,,............######,,,....,
,,,,,,,.......°..........,,,,...,
,,,,,,,.......☼.@.E......,,,,,,,,
,,,,,,,.......E§@.°......,,,,,,,,
,,,,,,,........○E§§......,,,,,,,,
,,,,,,,..................,,,,,,,,
,,****,.........####.##P.*,,,,,,,
*** **........## **#*****,,,,,,
*........# *,,,,,,,, # *#.......#
**,,,,,,, # *#......* **,,,,,,**
# *P.....** *#.,,,,,,*


You could see Rupert (berserk, ally target), 2 friendly earth elementals and a
friendly water elemental (summoned).

Vanquished Creatures
  A minotaur (Gauntlet)
  A hydra (Lair:3)
  A two-headed ogre (D:9)
  A catoblepas (Lair:3)
  Erica (D:8)
  A tengu warrior (D:9)
  4 black mambas
  An orange demon (Lair:2)
  6 cane toads
  A tengu conjurer (D:9)
  A rime drake (Lair:3)
  6 komodo dragons
  A polar bear (Lair:3)
  9 blink frogs
  9 flying skulls (Gauntlet)
  Sigmund (D:3)
  2 culicivoras (Lair:2)
  5 basilisks
  23 yaks
  A wyvern (D:10)
  4 chaos spawn (Gauntlet)
  3 steam dragons
  2 neqoxecs (Gauntlet)
  A warg (D:9)
  3 acid dragons
  17 water moccasins
  5 orc warriors
  A sky beast (D:6)
  2 ice beasts
  A black bear (D:5)
  An ogre (D:7)
  5 wolves (Lair:2)
  2 centaurs
  3 phantoms
  2 kobold brigands
  3 necrophages
  13 bullfrogs
  3 scorpions
  17 wights
  5 killer bees (D:7)
  An electric eel (D:10)
  6 hounds
  4 orc priests
  A jelly (D:5)
  A gnoll bouda (D:9)
  Ijyb (D:5)
  9 orc wizards
  Terence (D:3)
  4 gnolls (D:9)
  14 adders
  A white imp (D:5)
  An ufetubus (D:4)
  3 worms
  7 dart slugs
  37 orcs
  10 ball pythons
  6 endoplasms
  3 giant cockroaches
  11 goblins
  10 hobgoblins
  3 jackals (D:5)
  3 quokkas
  4 bats
  5 frilled lizards
  15 kobolds
  7 rats
  A demonic plant (Gauntlet)
338 creatures vanquished.

Vanquished Creatures (collateral kills)
  Amaemon (Lair:2)
  3 yaks (Lair:3)
4 creatures vanquished.

Vanquished Creatures (others)
  12 demonic plants (Gauntlet)
  18 fungi
  12 plants
42 creatures vanquished.

Grand Total: 384 creatures vanquished

Notes
Turn   | Place    | Note
-------+----------+-------------------------------------------
     0 | D:1      | fish the Troll Monk began the quest for the Orb.
     0 | D:1      | Reached XP level 1. HP: 22/22 MP: 0/0
   170 | D:1      | Reached XP level 2. HP: 29/29 MP: 1/1
   478 | D:1      | Found a faded altar of an unknown god.
   841 | D:1      | Reached XP level 3. HP: 33/36 MP: 2/2
   862 | D:2      | Reached skill level 4 in Unarmed Combat
  1174 | D:3      | Reached XP level 4. HP: 42/44 MP: 3/3
  1198 | D:3      | Found Jeopeegaot's Distillery.
  1199 | D:3      | Noticed Terence
  1216 | D:3      | Killed Terence
  1217 | D:3      | Reached skill level 5 in Unarmed Combat
  1227 | D:3      | Bought a potion of curing for 30 gold pieces
  1308 | D:3      | Noticed Sigmund
  1317 | D:3      | Killed Sigmund
  1318 | D:3      | Reached skill level 6 in Unarmed Combat
  1318 | D:3      | Reached XP level 5. HP: 48/53 MP: 4/4
  1318 | D:3      | Reached XP level 6. HP: 56/61 MP: 5/5
  1787 | D:4      | Found a shadowy altar of Dithmenos.
  1948 | D:4      | Reached skill level 7 in Unarmed Combat
  2342 | D:4      | Found a staircase to the Ecumenical Temple.
  2352 | Temple   | Entered the Ecumenical Temple
  2417 | Temple   | Became a worshipper of Qazlal Stormbringer
  2417 | Temple   | Reached * piety under Qazlal
  2417 | Temple   | Reached ** piety under Qazlal
  2911 | D:5      | Entered Level 5 of the Dungeon
  2925 | D:5      | Reached XP level 7. HP: 65/67 MP: 6/6
  2950 | D:5      | Identified the +6 rapier of the Lost Shrikes {vamp, Drain
                  | rC+ rCorr Dex+2}
  3036 | D:5      | Noticed Ijyb
  3055 | D:5      | Killed Ijyb
  3089 | D:5      | Reached skill level 8 in Unarmed Combat
  3205 | D:5      | Found a large runed translucent door.
  3205 | D:5      | Found a large runed translucent door.
  3207 | D:5      | Noticed Darkkill's ghost (novice HuHu)
  3345 | D:5      | Reached skill level 9 in Unarmed Combat
  3424 | D:5      | Reached XP level 8. HP: 73/75 MP: 7/7
  3935 | D:6      | Reached skill level 10 in Unarmed Combat
  4178 | D:6      | Found a radiant altar of Vehumet.
  4196 | D:6      | Reached skill level 1 in Shields
  4196 | D:6      | Reached *** piety under Qazlal
  4419 | D:6      | Reached skill level 11 in Unarmed Combat
  4462 | D:6      | Found a blossoming altar of Fedhas.
  4512 | D:6      | Found a shimmering blue altar of Sif Muna.
  4726 | D:7      | Reached XP level 9. HP: 76/84 MP: 8/8
  4744 | D:7      | Found a sacrificial altar of Ru.
  4812 | D:7      | HP: 5/126 [wight/+3 halberd (5)]
  4817 | D:7      | Reached skill level 5 in Fighting
  4817 | D:7      | Reached skill level 12 in Unarmed Combat
  4966 | D:7      | Found a bloodstained altar of Trog.
  4966 | D:7      | Found a glowing silver altar of Zin.
  4981 | D:7      | Found a broken altar of Ashenzari.
  5104 | D:7      | Identified the ring "Bovvello" {rCorr Int+6 Dex-4 Slay+3}
  5206 | D:7      | Found a hide-covered altar of Uskayaw.
  5743 | D:8      | Noticed Erica
  5754 | D:8      | Killed Erica
  5978 | D:8      | Reached skill level 13 in Unarmed Combat
  5983 | D:8      | Reached XP level 10. HP: 93/96 MP: 9/11
  6042 | D:8      | Reached **** piety under Qazlal
  6103 | D:8      | Identified the +1 short sword of Palo {elec, Will+}
  6532 | D:9      | Found a staircase to the Orcish Mines.
  6867 | D:9      | Noticed a two-headed ogre
  6867 | D:9      | Noticed a tengu warrior
  6880 | D:9      | Killed a two-headed ogre
  6881 | D:9      | Reached skill level 14 in Unarmed Combat
  7030 | D:9      | Killed a tengu warrior
  7031 | D:9      | Reached skill level 5 in Invocations
  7244 | D:10     | Entered Level 10 of the Dungeon
  7555 | D:10     | Reached XP level 11. HP: 46/102 MP: 14/14
  7750 | D:10     | Found a flagged portal.
  8245 | D:10     | Reached skill level 15 in Unarmed Combat
  8343 | D:10     | Reached ***** piety under Qazlal
  8423 | D:10     | Found a staircase to the Lair.
  8447 | Lair:1   | Entered Level 1 of the Lair of Beasts
  9248 | Lair:3   | Reached skill level 16 in Unarmed Combat
  9350 | Lair:3   | Noticed an eight-headed hydra
  9358 | Lair:3   | Killed an eight-headed hydra
  9598 | Lair:2   | Found a hole to the Spider Nest.
  9629 | Lair:2   | Reached XP level 12. HP: 27/111 MP: 16/16
  9783 | Lair:2   | Reached skill level 17 in Unarmed Combat
  9836 | Lair:2   | Noticed Amaemon
  9860 | Lair:2   | Killed Amaemon
  9909 | Lair:2   | Found a staircase to the Swamp.
 10286 | Lair:2   | Identified the +2 ring mail of Vehumet's Benevolence {rCorr
                  | Str-2 Dex+5 Slay+2}
 10349 | Lair:2   | You fall into a shaft and drop 2 floors!
 10349 | Lair:4   | Noticed Rupert
 10391 | Lair:4   | Found a gate leading to a gauntlet.
 10400 | Gauntlet | Entered a Gauntlet
 10400 | Gauntlet | Found a transporter.
 10400 | Gauntlet | Found a transporter.
 10455 | Gauntlet | Found a transporter.
 10455 | Gauntlet | Found a transporter.
 10458 | Gauntlet | Found a transporter.
 10477 | Gauntlet | Found a transporter.
 10480 | Gauntlet | Found a transporter.
 10561 | Gauntlet | Gained mutation: Your spells are a little easier to cast,
                  | but a little less powerful. [a neqoxec]
 10593 | Gauntlet | Found a transporter.
 10602 | Gauntlet | Found a transporter.
 10613 | Gauntlet | Found a transporter.
 10636 | Gauntlet | Noticed a ghost crab
 10639 | Gauntlet | Found a transporter.
 10649 | Gauntlet | Found a transporter.
 10649 | Gauntlet | Found a transporter.
 10850 | Gauntlet | Identified the +0 chain mail of Fimen {rPois rF+ Int+6}
 10850 | Gauntlet | Noticed a minotaur
 10858 | Gauntlet | Killed a minotaur
 10894 | Gauntlet | Identified the +1 pair of gloves of Mental Paralysis {rElec
                  | rC+ Will+ Int-3}
 10907 | Lair:4   | Reached skill level 1 in Armour
 10920 | Lair:4   | Found a staircase to the Slime Pits.
 10929 | Lair:4   | Reached skill level 18 in Unarmed Combat
 11137 | Lair:3   | Noticed a catoblepas
 11143 | Lair:3   | Killed a catoblepas
 11781 | Lair:4   | Slain by Rupert

Illustrated notes

Levels and vault maps discovered:
D:1:      spicycebolla_arrival_risky_transporter, layout_basic,
          dreamdust_ecumenical_altar_angels_and_demons
D:2:      layout_rooms
D:3:      layout_rooms, serial_shops, nicolae_shop_advertising_works
          [nicolae_subvault_shop_adworks], uniq_terence, uniq_sigmund
D:4:      layout_layer_cave, nicolae_overflow_crystal_walls,
          minmay_temple_entry_statues_fountains, nrook_loot_triangle,
          nicolae_figureground_pulse
D:5:      layout_loops_cross, ebering_ghost_disaster_area, dk_noncrumbling_2,
          kennysheep_generic_room_5, uniq_ijyb
D:6:      layout_loops_ring, fedhas_altar_3, nicolae_vehumet_altar_sigil,
          mainiacjoe_overflow_six_doors_small
D:7:      layout_layer_cave, amcnicky_altar_gilded,
          nicolae_ru_great_annihilating_truth,
          gammafunk_temple_overflow_forgotten
D:8:      layout_cave_pools, uniq_erica
D:9:      layout_roguey, david_orc_1_choice
D:10:     layout_basic, erik_lair_dragon, serial_rivers,
          chequers_serial_rivers_small_b, chequers_serial_rivers_micro_e,
          chequers_serial_rivers_room_a, chequers_serial_rivers_micro_a,
          chequers_serial_rivers_small_a, enter_bailey_4,
          minmay_misc_feat_square, amethyst_killhole
Temple:   nicolae_temple_ecumenical_triangle
Lair:1:   layout_concentric_octagons, beast_lair_carwin_2, lemuel_fruit_fields
Lair:2:   layout_long_grid, swamp_mist_pool,
          hellmonk_spider_entry_life_and_decay, uniq_amaemon
Lair:3:   layout_long_grid, st_stairs_5, grunt_megastairs_2
Lair:4:   layout_hall_layers, dpeg_slime_entry_enclosed, gauntlet_entry_generic,
          uniq_rupert

Skill      XL: |  1  2  3  4  5  6  7  8  9 10 11 12 |
---------------+-------------------------------------+-----
Unarmed Combat | 4 6 7 9 11 13 14 16 18 | 18.5
Fighting       | 3 4 5 |  5.1
Shields        | 1 |  1.0
Invocations    | 2 5 7 8 |  8.0
Dodging        | 4 |  4.0
Armour         | 3 |  3.1
Stealth        | |  1.0

Action                   |  1- 3 |  4- 6 |  7- 9 | 10-12 || total
-------------------------+-------+-------+-------+-------++-------
Melee: Unarmed           |   102 |   130 |   261 |   521 ||  1014
       Punch             |     2 |     4 |    13 |    40 ||    59
Invok: Elemental Force   |       |       |       |     4 ||     4
       Upheaval          |       |       |       |     1 ||     1
Evoke: Wand              |       |       |     1 |     5 ||     6
  Use: Scroll            |       |    13 |     7 |    10 ||    30
       Potion            |       |       |     5 |     5 ||    10
 Stab: Sleeping          |     4 |     2 |       |       ||     6
       Paralysed         |       |       |     4 |     2 ||     6
       Petrified         |       |       |       |     3 ||     3
Armor: Robe              |    38 |    34 |    56 |   111 ||   239
       Skin              |       |       |    37 |       ||    37
Dodge: Dodged            |    47 |    40 |   107 |   195 ||   389
       Repelled          |       |       |       |     2 ||     2
Block: Other             |       |       |    42 |   113 ||   155

Table legend: (Time is in decaauts)
 A = Elapsed time spent in this place.
 B = Non-inter-level travel time spent in this place.
 C = Inter-level travel time spent in this place.
 D = Time resting spent in this place.
 E = Time spent auto-exploring this place.
 F = Levels seen in this place.
 G = Mean time per level.
                   A        B        C        D        E       F      G
               +--------+--------+--------+--------+--------+-----+--------+
         Total |  11564 |  11306 |    258 |    896 |   7942 |  16 |  722.8 |
       Dungeon |   8261 |   8069 |    192 |    320 |   6259 |  10 |  826.1 |
        Temple |     77 |     51 |     26 |      0 |      0 |   1 |   77.0 |
          Lair |   2750 |   2710 |     40 |    436 |   1683 |   4 |  687.5 |
      Gauntlet |    475 |    475 |      0 |    140 |      0 |   1 |  475.0 |
               +--------+--------+--------+--------+--------+-----+--------+

Top non-repeatable levels by time:
    D:10: 1187 daAuts
     D:4: 1101 daAuts
     D:7: 1002 daAuts
     D:5: 986 daAuts
  Lair:3: 954 daAuts
  Lair:2: 901 daAuts
     D:9: 886 daAuts
     D:1: 846 daAuts
     D:6: 784 daAuts
  Lair:1: 780 daAuts
     D:8: 602 daAuts
     D:3: 556 daAuts
Gauntlet: 475 daAuts
     D:2: 307 daAuts
  Lair:4: 112 daAuts
